 Dungeon Crawl Stone Soup version 0.30.0-17-ge0270778cf (webtiles) character file.

Game seed: 15924832918553279541

2445 NateTC the Cleaver (level 9, -18/81 HPs)
             Began as a Minotaur Fighter on May 21, 2023.
             Was an Initiate of Gozag.
             Demolished by an orc warlord
             ... wielding a +7 battleaxe
              (21 damage)
             ... in a bailey.
             The game lasted 00:07:33 (6436 turns).

NateTC the Cleaver (Minotaur Fighter)               Turns: 6436, Time: 00:07:34

Health: -18/81     AC: 13    Str: 26    XL:     9   Next: 25%
Magic:  8/8        EV:  8    Int:  5    God:    Gozag
Gold:   694        SH:  5    Dex: 15    Spells: 8/8 levels left

rFire   . . .        a - +0 war axe (heavy)
rCold   . . .        c - +0 buckler
rNeg    + . .        u - +0 plate armour
rPois   .            (helmet restricted)
rElec   .            (no cloak)
rCorr   .            (no gloves)
SInv    .            (no boots)
Will    .....        (no amulet) Stlth
                     h - ring of positive energy
HPRegen 0.33/turn    q - +6 ring of dexterity
MPRegen 0.11/turn

%: no passive effects
@: mighty
A: horns 2, retaliatory headbutt
a: Renounce Religion, Potion Petition, Call Merchant, Bribe Branch


You were in a bailey.
You worshipped Gozag.
Gozag was pleased with you.
You visited 2 branches of the dungeon, and saw 8 of its levels.
You also visited: Bailey.

You collected 829 gold pieces.
You paid 135 gold pieces to Gozag.

Inventory:

Hand Weapons
 a - a +0 heavy war axe (weapon)
 o - the +4 morningstar of Purpose {venom, Fly rF+ Str-3 Dex+4}
   (You found it on level 6 of the Dungeon)

   Str:       It affects your strength (-3).
   Dex:       It affects your dexterity (+4).
   rF:        It protects you from fire.
   Fly:       It grants you flight.
 A - a +5 war axe
 C - the +9 lance "Wyrmbane" {slay drac, rPois rF+ rC+ AC+3}
   (You took it off Maggie on level 7 of the Dungeon)

   AC:        It affects your AC (+3).
   rF:        It protects you from fire.
   rC:        It protects you from cold.
   rPois:     It protects you from poison.
Missiles
 y - a throwing net (quivered)
Armour
 c - a +0 buckler (worn)
 u - a +0 plate armour (worn)
Jewellery
 h - a ring of positive energy (left hand)
 q - a +6 ring of dexterity (right hand)
 z - a +6 ring of dexterity
Wands
 w - a wand of roots (3)
 x - a wand of light (10)
Scrolls
 e - 8 scrolls of teleportation
 l - 2 scrolls of amnesia
 r - 2 scrolls of noise
 v - a scroll of blinking
 D - 3 scrolls of identify
 E - a scroll of enchant armour {unknown}
 F - 3 scrolls of butterflies {unknown}
 G - a scroll of magic mapping {unknown}
Potions
 b - 2 potions of lignification {unknown}
 d - 2 potions of might
 f - 3 potions of resistance
 g - 2 potions of cancellation
 i - 2 potions of brilliance
 j - a potion of invisibility {unknown}
 k - 2 potions of haste
 n - 3 potions of magic
 p - a potion of mutation {unknown}
 s - 2 potions of ambrosia {unknown}
 t - 2 potions of curing
 B - a potion of attraction {unknown}


   Skills:
 - Level 8.2 Fighting
 - Level 10.1 Axes
 - Level 7.7 Armour
 - Level 2.0 Dodging
 * Level 5.7 Shields


You had 8 spell levels left.
You didn't know any spells.
Your spell library contained the following spells:

 Spells                   Type           Power      Damage    Failure   Level
 Poisonous Vapours        Pois/Air       0%         N/A       100%        2
 Ignite Poison            Fire/Tmut/Pois 0%         N/A       100%        3
 Mephitic Cloud           Conj/Pois/Air  0%         N/A       100%        3
 Sticky Flame             Conj/Fire      0%         2d3       100%        4
 Freezing Cloud           Conj/Ice/Air   0%         6-21      100%        5
 Ignition                 Fire           0%         3d3       100%        8
 Chain Lightning          Conj/Air       0%         N/A       100%        9
 Fire Storm               Conj/Fire      0%         5d1       100%        9
 Shatter                  Erth           0%         3d5*      100%        9


Dungeon Overview and Level Annotations

Branches:
Dungeon (7/15) Zot: 26652  Temple (1/1) D:6 Zot: 5986  Bailey (1/1) Zot: 5660

Altars:
Cheibriados
Dithmenos
Fedhas
Gozag
Hepliaklqana
Nemelex Xobeh
Qazlal
Sif Muna
Xom
Zin
The Shining One

Shops:
D:3 (   D:6 =!

Annotations:
D:5 2 runed translucent doors, SnakkuSnakku7's ghost, novice AtAr


Innate Abilities, Weirdness & Mutations

You have a pair of horns on your head.
You reflexively headbutt those who attack you in melee.


Message History

The orc warlord is lightly wounded.
The orc warlord hits you with a +7 battleaxe!
You slash the orc warlord! Your headbutt misses the orc warlord.
The orc warlord is moderately wounded.
The orc warlord barely misses you. You block the orc warlord's attack.
You hit the orc warlord.
The orc warlord is moderately wounded.
The orc warlord hits you with a +7 battleaxe!!
You slash the orc warlord!
The orc warlord is heavily wounded.
The orc warlord barely misses you. You furiously retaliate!
You headbutt the orc warlord.
The orc warlord hits you with a +7 battleaxe!!
* * * LOW HITPOINT WARNING * * *
You hit the orc warlord but do no damage.
You headbutt the orc warlord, but do no damage.
The orc warlord is heavily wounded.
You block the orc warlord's attack.
You feel much better.
The orc warlord hits you with a +7 battleaxe!
* * * LOW HITPOINT WARNING * * *
You feel much better.
The orc warlord hits you with a +7 battleaxe!
* * * LOW HITPOINT WARNING * * *
You hit the orc warlord but do no damage.
You headbutt the orc warlord.
The orc warlord is heavily wounded.
The orc warlord barely misses you. The orc warlord closely misses you.
You furiously retaliate!
You headbutt the orc warlord.
You hit the orc warlord but do no damage.
The orc warlord is heavily wounded.
The orc warlord hits you with a +7 battleaxe!
* * * LOW HITPOINT WARNING * * *
You feel much better.
The orc warlord hits you with a +7 battleaxe!!
* * * LOW HITPOINT WARNING * * *
You feel very mighty all of a sudden.
The orc warlord hits you with a +7 battleaxe!!
You die...
Your body crumbles into a pile of gold.

♣∩...~~~.#~....∩....~#.~~~...∩♣
♣♣...~~~.#~.........~#.~~~...♣♣
♣...~~)(#~~.8...8.~~#.~~~...♣
♣♣..###)###.......###'###..♣♣
♣.##....#~.8...8.~#....##.♣
♣##.....#~~~~~~~~~#.....##♣
##.....(####~~~####......##
#...8...)..#'o'#......8...#
#............@............#
#.........................#
##..8..8...........8..8..##
##.......#######.......##
##.....## ##.....## ##...##
##...## ##### #####


You could see an orc warlord.

Vanquished Creatures
  Maggie (D:7)
  2 steam dragons (D:6)
  5 orc warriors
  4 ogres
  2 scorpions (D:5)
  2 wights (D:7)
  5 hounds
  2 jellies
  A gnoll bouda (D:6)
  6 orc priests
  5 iguanas
  2 sleepcaps (D:5)
  Ijyb (D:4)
  Terence (D:2)
  An orc wizard (D:5)
  5 gnolls
  5 adders
  A white imp (D:5)
  An ufetubus (D:6)
  2 worms (D:2)
  A dart slug (D:1)
  15 orcs
  11 ball pythons
  4 endoplasms
  2 giant cockroaches
  8 goblins
  6 hobgoblins
  3 jackals (D:2)
  A quokka (D:2)
  6 bats
  5 frilled lizards
  16 kobolds
  5 rats
137 creatures vanquished.

Vanquished Creatures (others)
  An orc wizard (D:7)
1 creature vanquished.

Grand Total: 138 creatures vanquished

Notes
Turn   | Place    | Note
-------+----------+-------------------------------------------
     0 | D:1      | NateTC the Minotaur Fighter began the quest for the Orb.
     0 | D:1      | Reached XP level 1. HP: 19/19 MP: 0/0
   147 | D:1      | Reached XP level 2. HP: 27/27 MP: 1/1
   865 | D:2      | Reached skill level 3 in Axes
   920 | D:2      | Reached XP level 3. HP: 33/33 MP: 2/2
  1077 | D:2      | Reached skill level 4 in Axes
  1337 | D:2      | Noticed Terence
  1347 | D:2      | Killed Terence
  1348 | D:2      | Reached XP level 4. HP: 26/40 MP: 3/3
  1901 | D:3      | Found Sagrastria's Weapon Boutique.
  2091 | D:3      | Reached skill level 1 in Dodging
  2096 | D:3      | Reached skill level 5 in Axes
  2102 | D:3      | Reached XP level 5. HP: 25/46 MP: 4/4
  2458 | D:3      | Reached skill level 6 in Axes
  3332 | D:4      | Found a shimmering altar of Xom.
  3340 | D:4      | Found a blossoming altar of Fedhas.
  3347 | D:4      | Found a glowing golden altar of the Shining One.
  3355 | D:4      | Found a glowing silver altar of Zin.
  3362 | D:4      | Found a snail-covered altar of Cheibriados.
  3370 | D:4      | Found a hazy altar of Hepliaklqana.
  3375 | D:4      | Found a shadowy altar of Dithmenos.
  3414 | D:4      | Noticed Ijyb
  3420 | D:4      | Killed Ijyb
  3564 | D:5      | Entered Level 5 of the Dungeon
  3565 | D:5      | Found a large runed translucent door.
  3565 | D:5      | Found a large runed translucent door.
  3572 | D:5      | Reached XP level 6. HP: 36/52 MP: 5/5
  3635 | D:5      | Noticed SnakkuSnakku7's ghost (novice AtAr)
  3729 | D:5      | Reached skill level 5 in Fighting
  3916 | D:5      | Noticed an orc warrior
  3943 | D:4      | Killed an orc warrior
  3944 | D:4      | Reached XP level 7. HP: 13/64 MP: 6/6
  5100 | D:6      | Reached skill level 7 in Axes
  5103 | D:6      | Found a staircase to the Ecumenical Temple.
  5153 | D:6      | Reached XP level 8. HP: 66/74 MP: 7/7
  5179 | Temple   | Entered the Ecumenical Temple
  5185 | Temple   | Became a worshipper of Gozag Ym Sagoz the Greedy
  5211 | D:6      | Identified the +4 morningstar of Purpose {venom, Fly rF+
                  | Str-3 Dex+4}
  5244 | D:6      | Reached skill level 8 in Axes
  5436 | D:6      | Found Vidibat's One-of-a-Kind Rings.
  5503 | D:6      | Reached skill level 9 in Axes
  5681 | D:6      | Found Cuciucs's Distillery.
  5734 | D:6      | Reached skill level 10 in Axes
  5784 | D:7      | Reached skill level 5 in Armour
  5925 | D:7      | Found a flagged portal.
  5972 | D:7      | Noticed Maggie
  5980 | D:7      | Killed Maggie
  5981 | D:7      | Reached XP level 9. HP: 55/81 MP: 8/8
  6118 | Bailey   | Entered a bailey
  6140 | Bailey   | Noticed an orc warlord
  6255 | Bailey   | Reached skill level 5 in Shields
  6298 | Bailey   | Found a runed translucent gate.
  6300 | Bailey   | Found a runed translucent gate.
  6302 | Bailey   | Found a runed translucent gate.
  6435 | Bailey   | HP: 3/81 [orc warlord/+7 battleaxe (27)]
  6436 | Bailey   | Demolished by an orc warlord

Illustrated notes

Levels and vault maps discovered:
D:1:      dpeg_arrival_connections, layout_loops_cross, nicolae_hexahallways
D:2:      layout_loops_ring, grunt_decor_mini_mirrors, uniq_terence
D:3:      layout_loops_corners, serial_shops, nicolae_shop_bloodbath_and_beyond,
          minmay_increasing_density
D:4:      layout_basic, grunt_temple_overflow_octagram, uniq_ijyb
D:5:      wander_river, layout_loops_cross, ebering_ghost_disaster_area,
          nrook_pool_corridor
D:6:      layout_basic, minmay_temple_entry_statues_fountains, serial_shops,
          shop, nicolae_shop_unique_rings
D:7:      layout_loops_ring, lemuel_zombie_altar_yredelemnul, enter_bailey_3,
          uniq_maggie
Temple:   chequers_temple_sunken
Bailey:   bailey_axe_bossmonster_kennysheep, bailey

Skill      XL: |  1  2  3  4  5  6  7  8  9 |
---------------+----------------------------+-----
Armour         | 4 7 |  7.7
Axes           | 3 4 5 6 7 10 | 10.1
Dodging        | 2 |  2.0
Fighting       | 6 8 |  8.2
Shields        | 5 |  5.7

Action                     |  1- 3 |  4- 6 |  7- 9 || total
---------------------------+-------+-------+-------++-------
  Melee: War axe           |    70 |    94 |   112 ||   276
         Headbutt          |     5 |    10 |    23 ||    38
    Use: Scroll            |     6 |     5 |     3 ||    14
         Potion            |       |     1 |     4 ||     5
   Stab: Distracted        |       |       |     1 ||     1
 Armour: Scale mail        |    29 |     6 |       ||    35
         Chain mail        |       |    44 |     2 ||    46
         Plate armour      |       |       |    61 ||    61
  Dodge: Dodged            |    25 |    48 |    41 ||   114
  Block: Buckler           |    10 |    14 |    18 ||    42
